 Dungeon Crawl Stone Soup version 0.18-a0-1078-gebb93d0 (webtiles) character file.

280 gorblad the Skirmisher (level 5, -1/47 HPs)
             Began as a Demigod Fighter on Jan 14, 2016.
             Killed from afar by Sigmund (9 damage)
             ... with a wand of flame
             ... on level 4 of the Dungeon.
             The game lasted 00:09:48 (2431 turns).

gorblad the Skirmisher (Demigod Fighter)            Turns: 2431, Time: 00:09:48

Health: -1/47      AC: 12    Str: 21    XL:     5   Next: 76%
Magic:  7/7        EV:  3    Int: 12    God:
Gold:   144        SH:  9    Dex: 15    Spells: 0 memorised, 4 levels left

rFire  . . .     SeeInvis .     a - +0 long sword
rCold  . . .     Gourm    .     i - +1 plate armour
rNeg   . . .     Faith    .     c - +0 shield
rPois  .         Spirit   .     (no helmet)
rElec  .         Dismiss  .     (no cloak)
rCorr  .         Reflect  .     (no gloves)
SustAt +         Harm     .     (no boots)
MR     +....                    (no amulet)
Stlth  ..........               (no ring)
                                e - ring of protection from magic

@: lethally poisoned (-1 -> -2), drained, somewhat resistant to hostile
enchantments, extremely unstealthy
A: high mp 1, sustain attributes
a: no special abilities


You were on level 4 of the Dungeon.
You were not hungry.

You visited 1 branch of the dungeon, and saw 4 of its levels.

You collected 144 gold pieces.

Inventory:

Hand Weapons
 a - a +0 long sword (weapon)
Armour
 b - a +0 scale mail
 c - a +0 shield (worn)
 i - a +1 plate armour (worn)
Jewellery
 e - a ring of protection from magic (left hand)
 p - an uncursed ring of resist corrosion {unknown}
Wands
 g - a wand of confusion (8/48)
Scrolls
 n - 2 scrolls of remove curse
Potions
 d - a potion of might
 h - 2 potions of agility
 j - a potion of curing {unknown}
 k - a potion of lignification {unknown}
 l - a potion of heal wounds
 m - a potion of magic {unknown}
 o - a potion of poison {unknown}
Comestibles
 f - a slice of pizza
 q - 2 chunks of flesh
 r - a royal jelly
 t - 2 bread rations


   Skills:
 * Level 4.8 Fighting
 * Level 4.1 Long Blades
 - Level 2.6 Armour
 - Level 2.6 Shields


You had 4 spell levels left.
You didn't know any spells.

Dungeon Overview and Level Annotations

Branches:
Dungeon (4/15)
 Temple: D:4-7

Annotations:
D:4 Sigmund


Innate Abilities, Weirdness & Mutations

You have an increased reservoir of magic (+10% MP).
Your attributes are resistant to harm.


Message History

No target in view!
Unknown command.
No target in view!
You hear some strange, mumbled words.
A puff of flame appears from out of thin air!
The puff of flame hits you!
Found 8 gold pieces.
You closely miss something. Something hits you.
* * * LOW HITPOINT WARNING * * *
You closely miss something.
You feel sick.
You hear some strange, mumbled words.
A magic dart appears from out of thin air!
The magic dart hits you!
* * * LOW HITPOINT WARNING * * *
Something hits you but does no damage.
You miss something. You miss something.
Sigmund appears from thin air!
Reactivating autopickup.
Sigmund zaps a wand.
The puff of flame hits you!
You die...

##....##..
#.!.......
#........
....... .....#
#....#
#######@...##.$
#....##@.......
##......†.......
#....(..........
#...÷.....$.....
#...............
###'#####...##..
##....###...# #
#...>........#
##...........#


You could see Sigmund.

Vanquished Creatures
  A giant frog zombie (D:3)
  An orc priest (D:3)
  A giant frog skeleton (D:4)
  An orc wizard (D:3)
  Ijyb (D:3)
  A worker ant (D:4)
  2 adders
  3 gnolls (D:3)
  An adder skeleton (D:4)
  A worm (D:2)
  4 orcs (D:3)
  6 bats
  3 giant cockroaches (D:1)
  5 goblins
  9 hobgoblins
  3 quokkas
  5 giant newts
  7 kobolds
  6 rats
61 creatures vanquished.

Notes
Turn   | Place    | Note
--------------------------------------------------------------
     0 | D:1      | gorblad the Demigod Fighter began the quest for the Orb.
     0 | D:1      | Reached XP level 1. HP: 18/18 MP: 3/3
   185 | D:1      | Reached skill level 3 in Fighting
   234 | D:1      | Reached XP level 2. HP: 21/26 MP: 4/4
  1099 | D:2      | Reached XP level 3. HP: 31/31 MP: 5/5
  1751 | D:3      | Noticed Ijyb
  1788 | D:3      | Killed Ijyb
  1923 | D:3      | Reached skill level 4 in Fighting
  1923 | D:3      | Reached XP level 4. HP: 29/40 MP: 6/6
  2018 | D:3      | Found a glowing golden altar of the Shining One.
  2018 | D:3      | Found a stormy altar of Qazlal.
  2108 | D:3      | Reached XP level 5. HP: 43/47 MP: 7/7
  2409 | D:4      | Noticed Sigmund
  2431 | D:4      | Killed from afar by Sigmund

Vault maps used:
D:1:      eino_arrival_water_cross
D:2:      nicolae_overflow_hidden_temple
D:3:      gammafunk_temple_overflow_elements, first_bread, uniq_iyjb
D:4:      uniq_sigmund, uniq_duvessa, uniq_robin, uniq_crazy_yiuf_cottage

Action                   |  1- 3 |  4- 6 || total
-------------------------+-------+-------++-------
Melee: Long sword        |   128 |   111 ||   239
  Use: Scroll            |     3 |     1 ||     4
       Potion            |       |     1 ||     1
  Eat: Chunk             |     1 |       ||     1
       Bread ration      |     1 |       ||     1
